Map: Thunderbird LE

Players

Mez

  • Race: Terran Terran
  • League: Master
  • Spawn Location: 11:00

NeMorosi - Winner!

  • Race: Protoss Protoss
  • League: Master
  • Spawn Location: 5:00

VOD

Have the link to the VOD?

Description

Time

  • Played on: Sept. 9, 2019, 4:23 p.m.
  • Length: 5:24
Show
View Real Time Build Order
Export as new Build Order

Mez Terran 

Build Orders: Reaper Expand 

Get SALT Encoding   

  12  0:00  SCV  
  13  0:13  SCV  
  14  0:17  Supply Depot  
  14  0:25  SCV  
  15  0:38  SCV  
  15  0:40  Barracks  
  16  0:45  Refinery  
  16  0:50  SCV  
  17  1:02  SCV  
  18  1:15  SCV  
  19  1:27  Orbital Command  
  19  1:29  Reaper  
  20  1:39  Command Center  
  20  1:49  Bunker  
  20  1:54  SCV  
  21  1:57  Supply Depot  
  21  2:02  Marine  
  21  2:06  SCV  
  23  2:13  Factory  
  23  2:22  SCV  
  24  2:23  Barracks Reactor  
  24  2:29  Refinery  
  24  2:39  SCV  
  25  2:51  SCV  
  26  2:52  Orbital Command  
  26  2:59  Widow Mine  
  26  3:00  Marine x2  
  26  3:02  Starport  
  26  3:03  SCV  
  31  3:15  SCV  
  31  3:18  Marine x2  
  34  3:20  Widow Mine  
  36  3:27  SCV  
  36  3:30  Supply Depot  
  36  3:31  SCV  
  38  3:36  Marine x2  
  38  3:39  SCV  
  41  3:42  Medivac, Factory Tech Lab  
  41  3:47  SCV  
  44  3:54  Barracks  
  44  3:56  Marine  
  44  3:57  Marine  
  44  3:59  SCV  
  44  4:01  SCV  
  48  4:05  Supply Depot  
  48  4:16  Starport Tech Lab  
  48  4:20  SCV x2  
  48  4:21  Barracks  
  48  4:23  Engineering Bay  
  50  4:26  Marine x2  
  52  4:35  Factory Reactor  
  52  4:39  SCV x2  
  52  4:40  Refinery  
  52  4:43  Starport Reactor  
  54  4:48  Marine  
  54  4:50  Marine  
  52  5:13  Missile Turret  
Show
View Real Time Build Order
Export as new Build Order

NeMorosi Protoss - Winner!

Build Orders: 1 Gate Expand, Dark Templar Rush 

Get SALT Encoding   

  12  0:02  Probe  
  14  0:14  Probe  
  14  0:19  Pylon  
  14  0:24  Probe  
  15  0:33  Probe  
  15  0:40  Gateway  
  15  0:42  Probe  
  16  0:48  Assimilator  
  17  0:54  Probe  
  18  1:06  Probe  
  19  1:18  Probe  
  19  1:23  Nexus  
  20  1:34  Cybernetics Core  
  20  1:37  Probe  
  21  1:41  Assimilator  
  21  1:50  Pylon  
  21  1:53  Probe  
  22  2:01  Adept  
  22  2:05  Probe  
  23  2:14  Pylon  
  25  2:20  Twilight Council  
  25  2:26  Warp Gate  
  25  2:32  Adept  
  28  2:37  Probe  
  28  2:38  Probe  
  29  2:49  Probe  
  29  2:51  Probe  
  31  2:56  Dark Shrine  
  31  2:59  Probe x2  
  33  3:07  Probe x2  
  35  3:15  Probe  
  35  3:17  Probe  
  37  3:27  Gateway  
  37  3:29  Gateway  
  37  3:31  Robotics Facility  
  37  3:36  Charge  
  37  3:45  Pylon  
  37  3:49  Probe x2  
  37  3:54  Gateway  
  39  4:01  Probe  
  40  4:03  Gateway  
  40  4:05  Probe  
  41  4:12  Warp Prism  
  41  4:13  Probe  
  42  4:18  Probe  
  42  4:19  Dark Templar  
  47  4:25  Probe, Dark Templar  
  50  4:37  Dark Templar  
  52  4:44  Assimilator  
  52  4:46  Pylon  
  52  4:51  Stalker x2  
  56  4:58  Probe  
  57  5:01  Probe  
Tags
 
Add a new tag
Caveats
  • Supply blocks, unpowered buildings, or Contaminate may cause inaccurate times.
  • Supply counts are checked every 10 seconds.